 Dungeon Crawl Stone Soup version 0.32-a0-768-g0f6f1dd4b9 (webtiles) character file.

Game seed: 1256467743425620646

529 OversoulOfDusk the Chopper (level 7, 0/52 HPs)
             Began as a Formicid Fighter on Mar 19, 2024.
             Was a Follower of Zin.
             Slain by an orc
             ... wielding a +0 falchion
              (6 damage)
             ... on level 5 of the Dungeon.
             The game lasted 00:06:43 (3335 turns).

OversoulOfDusk the Chopper (Formicid Fighter)       Turns: 3335, Time: 00:06:44

Health: 0/52       AC: 10    Str: 23    XL:     7   Next: 48%
Magic:  7/7        EV:  7    Int:  7    God:    Zin [*.....]
Gold:   151        SH:  4    Dex: 13    Spells: 6/6 levels left

rFire   . . .        a - +0 war axe
rCold   . . .        c - +0 buckler
rNeg    . . .        q - +0 chain mail
rPois   .            (helmet unavailable)
rElec   .            (no cloak)
rCorr   .            (no gloves)
SInv    +            p - +0 pair of boots
Will    .....        (no amulet) Stlth
                     (no ring)
HPRegen 0.28/turn    (no ring)
MPRegen 0.10/turn

%: no passive effects
@: no status effects
A: permanent stasis, dig shafts and tunnels, antennae 3, four strong arms
a: Dig, Shaft Self, Renounce Religion, Recite, Donate Gold


You were on level 5 of the Dungeon.
You worshipped Zin.
Zin was aware of your devotion.
You visited 1 branch of the dungeon, and saw 5 of its levels.
You also visited: Sewer.

You collected 167 gold pieces.
You donated 16 gold pieces to Zin.

Inventory:

Hand Weapons
 a - a +0 war axe (weapon)
Armour
 b - a +0 scale mail
 c - a +0 buckler (worn)
 p - a +0 pair of boots (worn)
 q - a +0 chain mail (worn)
Magical Staves
 h - a staff of cold {!a}
 z - a staff of air {!a}
Jewellery
 D - a +6 ring of dexterity
Wands
 o - a wand of mindburst (32)
 u - a wand of flame (16)
Scrolls
 f - a scroll of teleportation {unknown}
 i - a scroll of blinking {!r}
 k - a scroll of revelation
 l - 2 scrolls of brand weapon {unknown}
 r - a scroll of enchant weapon {unknown}
 t - a scroll of fear {unknown}
 x - a scroll of immolation {unknown}
 y - 2 scrolls of fog {unknown}
 A - a scroll of enchant armour {unknown}
 C - a scroll of silence {!r!r}
Potions
 d - 2 potions of might
 g - 2 potions of haste {unknown}
 j - 3 potions of attraction {unknown}
 m - 2 potions of ambrosia {unknown}
 n - a potion of lignification {unknown}
 s - 3 potions of invisibility {unknown}
 v - 2 potions of cancellation {unknown}
 w - 4 potions of brilliance {unknown}
 B - a potion of curing {unknown}


   Skills:
 - Level 3.2 Fighting
 + Level 7.7 Axes
 - Level 3.2 Armour
 - Level 4.0 Shields


You had 6 spell levels left.
You didn't know any spells.
Your spell library contained the following spells:

 Spells                   Type           Power      Damage    Failure   Level
 Slow                     Hex            0%         N/A       98%         1
 Ignite Poison            Fire/Alch      0%         N/A       100%        4
 Leda's Liquefaction      Alch/Erth      0%         N/A       100%        4
 Summon Mana Viper        Hex/Summ       0%         N/A       100%        5


Dungeon Overview and Level Annotations

Branches:
Dungeon (5/15)              Sewer (visited)
 Temple: D:4-7

Altars:
Dithmenos
Zin

Shops:
D:4 [


Innate Abilities, Weirdness & Mutations

You cannot be hasted, slowed, berserked, paralysed or teleported.
You can dig through walls and to a lower floor.
You have a pair of large antennae on your head. (SInv)
Your four strong arms can wield two-handed weapons with a shield.


Message History

The ribbon worm expels a string of sticky webbing.
The stream of webbing hits you but does no damage.
You are caught in a web!
The web tears apart.
You block the water moccasin's attack. The orc hits you but does no damage.
You barely miss the water moccasin. You barely miss the ribbon worm.
You hit the orc but do no damage.
The water moccasin completely misses you.
The orc hits you with a +0 falchion.
The water moccasin bites you but does no damage.
The ribbon worm bites you but does no damage.
You hit the water moccasin. You closely miss the orc.
You barely miss the ribbon worm. The water moccasin barely misses you.
The orc barely misses you. You block the water moccasin's attack.
The ribbon worm bites you but does no damage.
You hit the water moccasin. You slash the ribbon worm!
You hit the orc but do no damage. The orc hits you with a +0 falchion.
* * * LOW HITPOINT WARNING * * *
The water moccasin bites you but does no damage.
You block the orc's attack.
The ribbon worm expels a string of sticky webbing.
The stream of webbing hits you but does no damage.
You are caught in a web!
The web tears apart.
You block the water moccasin's attack.
The water moccasin bites you but does no damage.
The orc hits you with a +0 falchion.
* * * LOW HITPOINT WARNING * * *
You hit the water moccasin. You hit the ribbon worm. You closely miss the orc.
You block the water moccasin's attack. The ribbon worm barely misses you.
The orc hits you with a +0 falchion.
* * * LOW HITPOINT WARNING * * *
You hit the water moccasin. You hit the ribbon worm.
You completely miss the orc. You block the water moccasin's attack.
The ribbon worm bites you but does no damage.
The water moccasin bites you.
* * * LOW HITPOINT WARNING * * *
The orc hits you with a +0 falchion.
* * * LOW HITPOINT WARNING * * *
You slash the water moccasin!
You kill the water moccasin!
You slash the ribbon worm!
You kill the ribbon worm!
You closely miss the orc. You barely miss the orc.
The orc hits you with a +0 falchion.
* * * LOW HITPOINT WARNING * * *
You slash the orc!
You kill the orc!
You hit the orc but do no damage. The orc barely misses you.
You closely miss the orc. The orc hits you with a +0 falchion.
You die...

........## ..
.........# #.#
.........##..
.........#.>
.......<.#.#
.........#.#
...........## #..
#......###..###.....
####### #..@o......
#..##)).....
#.##,....... #..
....... .... #.....#
..### ...... ...
...... ## ......


You could see an orc.

Vanquished Creatures
  A water moccasin (D:5)
  A black bear (D:4)
  A crocodile (Sewer)
  A bombardier beetle (D:4)
  A sleepcap (D:5)
  An orc wizard (D:5)
  4 adders
  A river rat (D:3)
  4 dart slugs
  3 ribbon worms
  12 orcs
  10 ball pythons
  2 bats
  2 endoplasms (D:3)
  6 giant cockroaches
  5 goblins
  6 hobgoblins
  6 jackals
  5 quokkas
  3 frilled lizards
  11 kobolds
  11 rats
97 creatures vanquished.

Notes
Turn   | Place    | Note
-------+----------+-------------------------------------------
     0 | D:1      | OversoulOfDusk the Formicid Fighter began the quest for the
                  | Orb.
     0 | D:1      | Reached XP level 1. HP: 18/18 MP: 1/1
   344 | D:1      | Reached XP level 2. HP: 24/24 MP: 2/2
   593 | D:1      | Reached skill level 3 in Axes
   742 | D:1      | Reached XP level 3. HP: 29/29 MP: 3/3
   981 | D:2      | Found a shadowy altar of Dithmenos.
  1141 | D:2      | Reached skill level 4 in Axes
  1141 | D:2      | Reached XP level 4. HP: 25/35 MP: 4/4
  1189 | D:2      | Found a faded altar of an unknown god.
  1925 | D:3      | Reached XP level 5. HP: 35/41 MP: 5/5
  1986 | D:3      | Found a glowing drain.
  1991 | D:3      | Reached skill level 5 in Axes
  1995 | Sewer    | Entered a sewer
  2076 | Sewer    | Noticed a crocodile
  2080 | Sewer    | Killed a crocodile
  2081 | Sewer    | Reached XP level 6. HP: 47/47 MP: 6/6
  2328 | D:3      | Found a glowing silver altar of Zin.
  2352 | D:3      | Became a worshipper of Zin the Law-Giver
  2352 | D:3      | Reached * piety under Zin
  2430 | D:3      | Reached skill level 6 in Axes
  2684 | D:4      | Noticed a black bear
  2693 | D:4      | Killed a black bear
  2882 | D:4      | Got the Exposition on Obstruction and Spagyria
  3067 | D:4      | Reached XP level 7. HP: 43/52 MP: 7/7
  3127 | D:4      | Found Nofiherch's Armour Shoppe.
  3300 | D:5      | Entered Level 5 of the Dungeon
  3313 | D:5      | Reached skill level 7 in Axes
  3320 | D:5      | Noticed a water moccasin
  3332 | D:5      | Killed a water moccasin
  3335 | D:5      | Slain by an orc

Illustrated notes

Levels and vault maps discovered:
D:1:      psy_arrival_terrarium, layout_loops_corners, serial_bayou_pond_d,
          lexackson_kobold_supper
D:2:      layout_basic, basic_altar, hellmonk_ecumenical_altar_lost_god,
          hex_intersection
D:3:      layout_loops_ring, mainiacjoe_overflow_24_doors, portal_sewer_entry_e
D:4:      layout_basic, serial_shops, kennysheep_little_box
D:5:      layout_rooms, grunt_ministairs_3, kennysheep_generic_room_8

Skill      XL: |  1  2  3  4  5  6  7 |
---------------+----------------------+-----
Axes           | 3 4 5 6 7 |  7.7
Fighting       | |  3.2
Armour         | |  3.2
Shields        | |  4.0

Action                     |  1- 3 |  4- 6 |  7- 9 || total
---------------------------+-------+-------+-------++-------
  Melee: War axe           |    82 |   123 |    25 ||   230
 Invoke: Recite            |       |       |     1 ||     1
  Evoke: Wand              |       |     4 |       ||     4
    Use: Scroll            |       |       |     3 ||     3
 Armour: Scale mail        |    87 |    15 |       ||   102
         Chain mail        |       |   102 |    38 ||   140
  Dodge: Dodged            |    50 |    45 |    15 ||   110
  Block: Buckler           |    25 |    34 |    16 ||    75

Table legend: (Time is in decaauts)
 A = Elapsed time spent in this place.
 B = Non-inter-level travel time spent in this place.
 C = Inter-level travel time spent in this place.
 D = Time resting spent in this place.
 E = Time spent auto-exploring this place.
 F = Levels seen in this place.
 G = Mean time per level.
                   A        B        C        D        E       F      G
               +--------+--------+--------+--------+--------+-----+--------+
         Total |   3415 |   3270 |    145 |     92 |   2539 |   6 |  569.2 |
       Dungeon |   3268 |   3123 |    145 |     92 |   2435 |   5 |  653.6 |
         Sewer |    147 |    147 |      0 |      0 |    104 |   1 |  147.0 |
               +--------+--------+--------+--------+--------+-----+--------+

Top non-repeatable levels by time:
     D:1: 1001 daAuts
     D:3: 791 daAuts
     D:2: 750 daAuts
     D:4: 686 daAuts
   Sewer: 147 daAuts
     D:5: 38 daAuts
